 Dungeon Crawl Stone Soup version 0.31.0-12-g77e489cdc1 (webtiles) character file.

Game seed: 11859803791461705857

418 CraigForest the Apothecary (level 6, -4/42 HPs)
             Began as a Demonspawn Alchemist on Feb 11, 2024.
             Slain by a gnoll
             ... wielding a +1 halberd of protection
              (11 damage)
             ... on level 4 of the Dungeon.
             The game lasted 00:18:52 (2881 turns).

CraigForest the Apothecary (Demonspawn Alchemist)   Turns: 2881, Time: 00:18:52

Health: -4/42      AC:  4    Str:  8    XL:     6   Next: 61%
Magic:  0/12       EV: 12    Int: 17    God:
Gold:   189        SH:  0    Dex: 14    Spells: 12/13 levels left

rFire   . . .        o - +0 short sword
rCold   . . .        (no shield)
rNeg    . . .        a - +0 robe
rPois   +            k - +1 hat
rElec   .            e - scarf {repulsion}
rCorr   .            (no gloves)
SInv    .            (no boots)
Will    .....        (no amulet)
Stlth   ++           f - ring of poison resistance
HPRegen 0.27/turn    (no ring)
MPRegen 0.26/turn

%: repel missiles, guardian spirit
@: lethally poisoned (-4 -> -6)
A: foul stench 1, magic shield, magic regeneration, sharp scales 1
a: no special abilities


You were on level 4 of the Dungeon.
You visited 1 branch of the dungeon, and saw 4 of its levels.
You also visited: Sewer.

You collected 189 gold pieces.

Inventory:

Hand Weapons
 d - a +0 whip
 n - a +0 dagger
 o - a +0 short sword (weapon)
Missiles
 p - 9 poisoned darts
 t - 3 boomerangs
Armour
 a - a +0 robe (worn)
 e - a scarf of repulsion (worn)
 i - a +0 cloak
 k - a +1 hat (worn)
 r - a +0 tower shield
Jewellery
 f - a ring of poison resistance (left hand)
Wands
 c - a wand of flame (22)
Scrolls
 l - a scroll of fear
Potions
 b - a potion of magic
 g - a potion of brilliance {unknown}
 h - a potion of haste {unknown}
 j - 2 potions of enlightenment {unknown}
 m - 2 potions of curing {unknown}
 q - a potion of heal wounds {unknown}
 s - a potion of ambrosia {unknown}
 u - a potion of might {unknown}
 v - a potion of mutation {unknown}


   Skills:
 + Level 0.5 Fighting
 + Level 1.0 Short Blades
 + Level 2.2 Dodging
 + Level 2.0 Stealth
 + Level 4.4 Spellcasting
 + Level 2.7 Conjurations
 + Level 4.8 Alchemy


You had 12 spell levels left.
You knew the following spells:

 Your Spells              Type           Power      Damage    Failure   Level
a - Sting                 Conj/Alch      64%        1d7       3%          1

Your spell library contained the following spells:

 Spells                   Type           Power      Damage    Failure   Level
 Mercury Vapours          Alch/Air       22%        N/A       9%          2
 Mephitic Cloud           Conj/Alch/Air  12%        N/A       16%         3
 Olgreb's Toxic Radiance  Alch           20%        N/A       21%         4
 Sticky Flame             Fire/Alch      11%        2d5       50%         4


Dungeon Overview and Level Annotations

Branches:
Dungeon (4/15)              Sewer (visited)
 Temple: D:4-7

Altars:
Ashenzari
Cheibriados
Fedhas
Hepliaklqana
Sif Muna
Vehumet
Xom
Yredelemnul


Innate Abilities, Weirdness & Mutations

You may rarely emit foul miasma when damaged in melee.
When hurt, damage is shared between your health and your magic reserves.
You regenerate magic rapidly.
You are partially covered in razor-sharp scales. (AC +1, Slay +1)


Message History

The water moccasin barely misses you.
The water moccasin attacks as it pursues you!
The water moccasin barely misses you.
Your magical contamination has completely faded away.
You barely miss the water moccasin.
The water moccasin is almost dead.
The water moccasin bites you. x2
You are poisoned.
The water moccasin poisons you!
You closely miss the water moccasin.
The water moccasin is almost dead.
You feel very sick. The water moccasin bites you.
You feel sick.
You kill the water moccasin!
Your Short Blades skill increases to level 1!
You feel sick.
You feel sick.
Aiming: Sting (safe; 3% risk of failure)
Press: ? - help, Q - select action, (/) - cycle Shift-Dir - straight line, f - gnoll
Aim: a gnoll, wielding a +0 whip (severely wounded, 77% to hit)
The sting hits the gnoll.
The gnoll is poisoned.
The gnoll is almost dead.
You feel sick.
You feel sick.
You kill the gnoll!
Aiming: Sting (safe; 3% risk of failure)
Press: ? - help, Q - select action, (/) - cycle Shift-Dir - straight line, f - gnoll
Aim: a gnoll, wielding a +1 halberd of protection (77% to hit)
The sting hits the gnoll but does no damage.
The gnoll is poisoned.
You feel sick.
Aiming: Sting (safe; 3% risk of failure)
Press: ? - help, Q - select action, (/) - cycle Shift-Dir - straight line, f/p - gnoll
Aim: a gnoll, wielding a +1 halberd of protection (poisoned, 77% to hit)
The sting hits the gnoll.
The gnoll looks even sicker.
The gnoll is heavily wounded.
You feel sick.
The gnoll hits you from afar with a +1 halberd of protection!
You die...

####...####..PPPP.._.....P..####.
~#...............................
~##.#.####.#######...##.###).####
~##.#.# #.# #........)).....##
~##.#.# #.# ##.#).#######......
~#..#.. #.####.....# #.##.##
~#####. #..........# #.##.## .#
.# ######...#..... ....... ##
#######@##.#### ##.#.## #
#....g..# .. #.####### .# #.# #.#
#g# #.# #># #)#


You could see a gnoll (very poisoned).

Vanquished Creatures
  A water moccasin (D:4)
  A hound (D:4)
  An iguana (D:4)
  Natasha (thrice) (D:3)
  A hell rat (Sewer)
  2 adders (D:2)
  4 gnolls
  2 river rats
  4 dart slugs
  5 orcs
  3 ball pythons
  3 endoplasms (D:1)
  8 giant cockroaches
  8 goblins
  10 hobgoblins
  2 jackals (D:4)
  A quokka (D:3)
  3 bats
  3 frilled lizards (D:1)
  6 kobolds
  10 rats
81 creatures vanquished.

Notes
Turn   | Place    | Note
-------+----------+-------------------------------------------
     0 | D:1      | CraigForest the Demonspawn Alchemist began the quest for
                  | the Orb.
     0 | D:1      | Reached XP level 1. HP: 13/13 MP: 3/3
   171 | D:1      | Gained mutation: You regenerate magic rapidly. [demonic
                  | ancestry]
   171 | D:1      | Reached XP level 2. HP: 19/19 MP: 0/5
   752 | D:1      | Gained mutation: You may rarely emit foul miasma when
                  | damaged in melee. [demonic ancestry]
   752 | D:1      | Reached XP level 3. HP: 24/24 MP: 3/6
   821 | D:2      | Found a faded altar of an unknown god.
  1177 | D:2      | You fall into a shaft and drop 1 floor!
  1335 | D:3      | Found a shimmering blue altar of Sif Muna.
  1335 | D:3      | Found a broken altar of Ashenzari.
  1343 | D:3      | Found a blossoming altar of Fedhas.
  1343 | D:3      | Found a basalt altar of Yredelemnul.
  1344 | D:3      | Found a snail-covered altar of Cheibriados.
  1348 | D:3      | Found a hazy altar of Hepliaklqana.
  1413 | D:3      | Gained mutation: When hurt, damage is shared between your
                  | health and your magic reserves. [demonic ancestry]
  1413 | D:3      | Reached XP level 4. HP: 24/30 MP: 4/8
  1675 | D:3      | Found a radiant altar of Vehumet.
  1720 | D:3      | Noticed Natasha
  1729 | D:3      | Killed Natasha
  1846 | D:3      | Noticed Natasha
  1851 | D:3      | Killed Natasha
  2112 | D:3      | Noticed Natasha
  2124 | D:3      | Killed Natasha
  2125 | D:3      | Reached XP level 5. HP: 22/35 MP: 2/10
  2346 | D:4      | Found a shimmering altar of Xom.
  2534 | D:4      | Found a glowing drain.
  2538 | Sewer    | Entered a sewer
  2601 | Sewer    | Gained mutation: You are partially covered in razor-sharp
                  | scales. (AC +1, Slay +1) [demonic ancestry]
  2601 | Sewer    | Reached XP level 6. HP: 11/40 MP: 2/12
  2845 | D:4      | Noticed a water moccasin
  2875 | D:4      | Killed a water moccasin
  2876 | D:4      | Reached skill level 1 in Short Blades
  2881 | D:4      | Slain by a gnoll

Illustrated notes

Levels and vault maps discovered:
D:1:      psy_arrival_whirlpool, layout_basic
D:2:      layout_basic, nicolae_ecumenical_pavilion
D:3:      minmay_skewed_foursquare, layout_loops_corners, minitemple,
          mainiacjoe_overflow_cross_hatched, uniq_natasha
D:4:      layout_loops_ring, mainiacjoe_overflow_boulevard,
          minmay_temple_entry_hall, gup_sewer_entry_spiral, uniq_ijyb

Skill      XL: |  1  2  3  4  5  6 |
---------------+-------------------+-----
Dodging        | 2 |  2.2
Spellcasting   | 3 4 |  4.4
Alchemy        | 4 |  4.8
Stealth        | 2 |  2.0
Conjurations   | 2 |  2.7
Short Blades   | 1 |  1.0
Fighting       | |  0.5

Action                     |  1- 3 |  4- 6 || total
---------------------------+-------+-------++-------
  Melee: Unarmed           |     2 |       ||     2
         Whip              |     2 |       ||     2
         Short sword       |       |    44 ||    44
   Cast: Sting             |    74 |    85 ||   159
    Use: Scroll            |       |     7 ||     7
 Armour: Robe              |    10 |    40 ||    50
  Dodge: Dodged            |    11 |    48 ||    59
         Repelled          |     1 |       ||     1
